 Dungeon Crawl Stone Soup version 0.29-a0-925-g0a7a3d12f8 (webtiles) character file.

Game seed: 10767590085892992835

1563 PimpSugar the Magician (level 8, 0/58 HPs)
             Began as a Demonspawn Hedge Wizard on July 29, 2022.
             Slain by an orc warrior
             ... wielding a +2 glaive of freezing
              (23 damage)
             ... on level 7 of the Dungeon.
             The game lasted 00:30:29 (8716 turns).

PimpSugar the Magician (Demonspawn Hedge Wizard)    Turns: 8716, Time: 00:30:29

Health: 0/58       AC: 11    Str: 10    XL:     8   Next: 58%
Magic:  9/15       EV: 11    Int: 17    God:
Gold:   305        SH:  0    Dex: 14    Spells: 8/17 levels left

rFire   + . .      SeeInvis .   v - +7 dagger of Bloody Death {vorpal, rF+}
rCold   . . .      Faith    .   (no shield)
rNeg    . . .      Spirit   .   z - +0 leather armour
rPois   .          Reflect  .   c - +1 hat
rElec   .          Harm     .   G - +0 cloak
rCorr   +          Rampage  .   p - +1 pair of gloves
Will    .....                   (no boots)
Stlth   ++........              (no amulet)
HPRegen 2.19/turn               (no ring)
MPRegen 0.14/turn               (no ring)

@: no status effects
A: hooves 1, yellow scales 3, powered by death 1
a: no special abilities


You were on level 7 of the Dungeon.
You visited 2 branches of the dungeon, and saw 8 of its levels.

You collected 443 gold pieces.
You spent 138 gold pieces at shops.

Inventory:

Hand Weapons
 a - a +0 dagger
 g - a +5 quarterstaff of chaos
 m - a +0 sling
 n - a +3 dagger of speed
 v - the +7 dagger of Bloody Death (weapon) {vorpal, rF+}
   (You found it on level 3 of the Dungeon)

   It inflicts extra damage upon your enemies.
   rF:        It protects you from fire.
 B - a +2 short sword of speed
 J - a +0 arbalest
 K - a +2 trident of venom
Missiles
 i - 4 atropa-tipped darts
 l - 4 javelins (quivered)
 q - 30 stones
 x - 5 poisoned darts
Armour
 b - a +0 robe
 c - a +1 hat (worn)
 k - a scarf of resistance
 p - a +1 pair of gloves (worn)
 w - a scarf of harm
 z - a +0 leather armour (worn)
 G - a +0 cloak (worn)
Wands
 y - a wand of charming (9)
 H - a wand of flame (8)
Scrolls
 o - 2 scrolls of magic mapping
 s - a scroll of poison
 u - 2 scrolls of teleportation
 A - a scroll of vulnerability
 E - a scroll of fear
 I - 2 scrolls of brand weapon {unknown}
Potions
 d - 2 potions of magic
 e - 3 potions of brilliance
 f - a potion of invisibility {unknown}
 h - 3 potions of attraction
 j - 3 potions of lignification
 r - a potion of curing
 t - 2 potions of flight {unknown}
 C - a potion of degeneration {unknown}
 D - 2 potions of resistance {unknown}
 F - a potion of ambrosia {unknown}


   Skills:
 + Level 3.1 Fighting
 - Level 1.9 Dodging
 + Level 3.6 Stealth
 * Level 5.2 Spellcasting
 * Level 4.6 Conjurations
 + Level 3.1 Summonings
 + Level 3.1 Translocations
 + Level 2.0 Transmutations
 + Level 1.6 Fire Magic
 + Level 1.6 Air Magic
 + Level 1.8 Poison Magic
 + Level 2.0 Evocations


You had 8 spell levels left.
You knew the following spells:

 Your Spells              Type           Power      Damage    Failure   Level
a - Magic Dart            Conj           80%        1d7       2%          1
b - Call Imp              Summ           15%        N/A       8%          2
c - Mephitic Cloud        Conj/Pois/Air  13%        N/A       19%         3
d - Ignite Poison         Fire/Tmut/Pois 10%        N/A       26%         3

Your spell library contained the following spells:

 Spells                   Type           Power      Damage    Failure   Level
 Summon Small Mammal      Summ           60%        N/A       5%          1
 Blink                    Tloc           30%        N/A       8%          2
 Static Discharge         Conj/Air       15%        3-5/arc   8%          2
 Call Canine Familiar     Summ           15%        N/A       16%         3
 Conjure Flame            Conj/Fire      15%        6-21      16%         3
 Slow                     Hex            16%        N/A       19%         1
 Sublimation of Blood     Necr           4%         N/A       28%         2
 Summon Guardian Golem    Hex/Summ       9%         N/A       30%         3
 Sticky Flame             Conj/Fire      15%        2d4       45%         4
 Confusing Touch          Hex            4%         N/A       50%         3
 Ozocubu's Armour         Ice            4%         N/A       50%         3
 Vampiric Draining        Necr           4%         2d6       50%         3
 Petrify                  Tmut/Erth      7%         N/A       77%         4
 Irradiate                Conj/Tmut      7%         3d14      78%         5
 Dispel Undead            Necr           4%         3d7       88%         4
 Freezing Cloud           Conj/Ice/Air   5%         6-21      91%         5
 Ozocubu's Refrigeration  Ice            2%         4d5       100%        7


Dungeon Overview and Level Annotations

Branches:
Dungeon (7/15)             Temple (1/1) D:4

Altars:
Cheibriados
Fedhas
Gozag
Hepliaklqana
Kikubaaqudgha
Makhleb
Nemelex Xobeh
Okawaru
Qazlal
Sif Muna
Trog
Uskayaw
Wu Jian
Xom
Yredelemnul

Shops:
D:4 ?


Innate Abilities, Weirdness & Mutations

You have large cloven feet.
You are completely covered in yellow scales. (AC +4, rCorr)
You regenerate a little health from kills.


Message History

You hear the hiss of flowing sand.
There is an entrance to an ossuary on this level.
Hurry and find it before the portal is buried!
The orc priest shouts!
The orc shouts! x2
There is a stone staircase leading up here.
Casting: Magic Dart (safe; 3% risk of failure)
Confirm with . or Enter, or press ? or * to list all spells.
Aiming: Mephitic Cloud (dangerous; 19% risk of failure)
Press: ? - help, Shift-Dir - straight line, f - orc priest
Aim: an orc priest, wielding a +0 flail and wearing a +0 chain mail (wandering, hasn't noticed you, chance to affect: 86%)
The ball explodes into a vile cloud!
The stinking cloud engulfs the orc priest but does no damage.
The orc priest shouts!
The stinking cloud engulfs the orc warrior but does no damage.
The orc warrior shouts!
The stinking cloud engulfs the orc priest but does no damage.
The orc hits you with a +0 dagger.
The orc priest is engulfed in noxious fumes.
The orc priest appears confused.
The orc warrior is engulfed in noxious fumes.
The orc priest is engulfed in noxious fumes.
The orc priest appears confused.
Casting: Mephitic Cloud (dangerous; 19% risk of failure)
Confirm with . or Enter, or press ? or * to list all spells.
You ignite the poison in your surroundings!
The orc priest is engulfed in blazing flames.
The orc priest hits the orc with a +0 flail!
The orc is killed!
The orc warrior hits you from afar with a +2 glaive of freezing!
The orc warrior freezes you.
You feel better.
The orc priest is engulfed in blazing flames.
You kill the orc priest!
The orc warrior hits you from afar with a +2 glaive of freezing!
The orc warrior freezes you.
The orc priest is engulfed in blazing flames.
Your Evocations skill increases to level 2!
You hit the orc but do no damage. You kick the orc.
The orc is lightly wounded.
The orc warrior hits you from afar with a +2 glaive of freezing!!
You die...

##+## #@..#
#.o...#
#..o○°○.#
#....○○○..#
+....○°o..+
#.........#
##.......##
##.....##


You could see an orc warrior, an orc priest (confused) and an orc.

Vanquished Creatures
  Menkaure (D:6)
  2 phantoms
  A bullfrog (D:5)
  2 scorpions
  4 necrophages
  A jelly (D:6)
  Crazy Yiuf (D:4)
  2 orc priests
  2 hounds (D:6)
  2 iguanas
  7 orc wizards
  11 adders
  2 gnolls (D:6)
  A white imp (D:5)
  An ufetubus (D:5)
  A worm (D:4)
  2 dart slugs
  14 orcs
  6 ball pythons
  3 endoplasms
  7 giant cockroaches
  8 goblins
  8 hobgoblins
  4 jackals (D:1)
  6 quokkas
  2 bats
  2 frilled lizards
  5 kobolds
  7 rats
115 creatures vanquished.

Vanquished Creatures (collateral kills)
  A centaur (D:6)
  An orc priest (D:3)
  A hound (D:6)
  A jelly (D:5)
  An iguana (D:6)
  An adder (D:2)
  2 gnolls (D:6)
  3 worms
  A dart slug (D:4)
  5 orcs
  A ball python (D:2)
  A bat (D:2)
  A giant cockroach (D:2)
  2 goblins
  2 frilled lizards (D:3)
24 creatures vanquished.

Vanquished Creatures (others)
  A human (D:4)
1 creature vanquished.

Grand Total: 140 creatures vanquished

Notes
Turn   | Place    | Note
-------+----------+-------------------------------------------
     0 | D:1      | PimpSugar the Demonspawn Hedge Wizard began the quest for
                  | the Orb.
     0 | D:1      | Reached XP level 1. HP: 13/13 MP: 4/4
   195 | D:1      | Found a faded altar of an unknown god.
   435 | D:1      | Reached skill level 1 in Translocations
   473 | D:1      | Gained mutation: You have large cloven feet. [demonic
                  | ancestry]
   473 | D:1      | Reached XP level 2. HP: 14/19 MP: 0/6
   757 | D:1      | Learned a level 2 spell: Call Imp
  1791 | D:2      | Gained mutation: You regenerate a little health from kills.
                  | [demonic ancestry]
  1791 | D:2      | Reached XP level 3. HP: 25/25 MP: 0/7
  1888 | D:2      | Reached skill level 1 in Fighting
  2452 | D:2      | Gained mutation: You are partially covered in yellow
                  | scales. (AC +2) [demonic ancestry]
  2452 | D:2      | Reached XP level 4. HP: 32/32 MP: 5/9
  3119 | D:3      | Reached XP level 5. HP: 35/37 MP: 5/10
  3349 | D:3      | Learned a level 3 spell: Mephitic Cloud
  3353 | D:3      | Learned a level 3 spell: Ignite Poison
  3621 | D:3      | Reached skill level 4 in Spellcasting
  3812 | D:3      | Identified the +7 dagger of Bloody Death {vorpal, rF+}
  4448 | D:4      | Reached XP level 6. HP: 23/44 MP: 10/12
  5513 | D:4      | Found an ancient bone altar of Kikubaaqudgha.
  5514 | D:4      | Noticed a human
  5516 | D:4      | Killed a human
  5551 | D:4      | Found Pufeni's Magic Scroll Shoppe.
  5564 | D:4      | Bought a scroll of identify for 24 gold pieces
  5564 | D:4      | Bought a scroll of identify for 24 gold pieces
  5564 | D:4      | Bought a scroll of enchant armour for 90 gold pieces
  5668 | D:4      | Found a runed translucent door.
  5669 | D:4      | Noticed Crazy Yiuf
  5685 | D:4      | Killed Crazy Yiuf
  5686 | D:4      | Gained mutation: You are mostly covered in yellow scales.
                  | (AC +3) [demonic ancestry]
  5686 | D:4      | Reached XP level 7. HP: 9/50 MP: 7/13
  6042 | D:4      | Found a staircase to the Ecumenical Temple.
  6051 | Temple   | Entered the Ecumenical Temple
  6707 | D:5      | Entered Level 5 of the Dungeon
  6760 | D:5      | Reached skill level 1 in Evocations
  6895 | D:5      | Reached skill level 1 in Transmutations
  7006 | D:5      | Reached skill level 1 in Fire Magic
  7006 | D:5      | Reached skill level 1 in Poison Magic
  7090 | D:5      | Reached skill level 1 in Air Magic
  7464 | D:5      | Gained mutation: You are completely covered in yellow
                  | scales. (AC +4, rCorr) [demonic ancestry]
  7464 | D:5      | Reached XP level 8. HP: 43/57 MP: 15/15
  8013 | D:6      | Reached skill level 5 in Spellcasting
  8169 | D:6      | Noticed Menkaure
  8182 | D:6      | Killed Menkaure
  8716 | D:7      | Slain by an orc warrior

Illustrated notes

Levels and vault maps discovered:
D:1:      minmay_arrival_checkered_box, layout_basic,
          ebering_ecumenical_altar_hall
D:2:      minmay_razor_zed, layout_loops_ring
D:3:      layout_rooms, grunt_ministairs_15, kennysheep_nondescript,
          grunt_decor_one_mirror
D:4:      layout_basic, tgw_kikubaaqudgha, lemuel_temple_firewalk_b,
          serial_shops, nicolae_stop_n_shop_1, uniq_crazy_yiuf_cottage
D:5:      layout_basic
D:6:      layout_basic, st_stairs_3, minivault_1, uniq_menkaure
D:7:      layout_loops_corners, lightli_ossuary_entry_decrepit_ruins,
          nicolae_shop_unique_rings, hellmonk_guarded_unrand_gyre_and_gimble
Temple:   minmay_temple_bridge_d

Skill      XL: |  1  2  3  4  5  6  7  8 |
---------------+-------------------------+-----
Translocations | 1 2 3 |  3.1
Stealth        | 2 3 |  3.6
Fighting       | 1 2 3 |  3.1
Conjurations   | 2 3 4 |  4.6
Summonings     | 2 3 |  3.1
Spellcasting   | 4 5 |  5.2
Evocations     | 1 2 |  2.0
Transmutations | 1 2 |  2.0
Fire Magic     | 1 |  1.6
Poison Magic   | 1 |  1.8
Air Magic      | 1 |  1.6
Dodging        | |  1.9

Action                   |  1- 3 |  4- 6 |  7- 9 || total
-------------------------+-------+-------+-------++-------
Melee: Dagger            |    51 |   111 |   106 ||   268
       Kick              |    12 |    15 |    25 ||    52
       Punch             |     1 |     1 |     2 ||     4
 Fire: Sling             |       |     3 |       ||     3
Throw: Stone             |     5 |       |       ||     5
 Cast: Magic Dart        |    61 |    32 |    12 ||   105
       Call Imp          |     5 |    12 |     9 ||    26
       Mephitic Cloud    |       |     3 |     2 ||     5
       Ignite Poison     |       |     1 |     2 ||     3
  Use: Scroll            |     5 |    10 |     2 ||    17
       Potion            |       |     4 |     2 ||     6
 Stab: Sleeping          |       |     8 |     2 ||    10
       Distracted        |       |     1 |       ||     1
Armor: Robe              |    12 |    16 |       ||    28
       Leather armour    |       |    14 |    44 ||    58
Dodge: Dodged            |    47 |    50 |    47 ||   144

Table legend: (Time is in decaauts)
 A = Elapsed time spent in this place.
 B = Non-inter-level travel time spent in this place.
 C = Inter-level travel time spent in this place.
 D = Time resting spent in this place.
 E = Time spent auto-exploring this place.
 F = Levels seen in this place.
 G = Mean time per level.
                   A        B        C        D        E       F      G
               +--------+--------+--------+--------+--------+-----+--------+
         Total |   8705 |   7869 |    836 |   1767 |   4084 |   8 | 1088.1 |
       Dungeon |   8308 |   7644 |    664 |   1767 |   3872 |   7 | 1186.9 |
        Temple |    396 |    224 |    172 |      0 |    212 |   1 |  396.0 |
               +--------+--------+--------+--------+--------+-----+--------+

Top non-repeatable levels by time:
     D:4: 1965 daAuts
     D:2: 1547 daAuts
     D:1: 1493 daAuts
     D:3: 1294 daAuts
     D:5: 1229 daAuts
     D:6: 774 daAuts
  Temple: 396 daAuts
     D:7: 3 daAuts
